 Dungeon Crawl Stone Soup version 0.24-a0-434-gd57e52fea8 (webtiles) character file.

Game seed: 482058028701565630

721 WarEagle the Skirmisher (level 7, -4/63 HPs)
             Began as a Minotaur Berserker on June 16, 2019.
             Was a Priest of Trog.
             Shot with an arrow by a centaur (10 damage)
             ... on level 5 of the Dungeon.
             The game lasted 00:34:41 (3760 turns).

WarEagle the Skirmisher (Minotaur Berserker)        Turns: 3760, Time: 00:34:41

Health: -4/63      AC:  9    Str: 23    XL:     7   Next: 42%
Magic:  6/6        EV: 10    Int:  4    God:    Trog [***...]
Gold:   139        SH:  0    Dex: 10    Spells: 6/6 levels left

rFire    . . .     SeeInvis .   a - +0 hand axe
rCold    . . .     Gourm    .   (no shield)
rNeg     . . .     Faith    .   q - +0 chain mail
rPois    .         Spirit   .   (helmet restricted)
rElec    .         Reflect  .   (no cloak)
rCorr    .         Harm     .   (no gloves)
MR       .....                  (no boots)
Stlth    ..........             (no amulet)
HPRegen  0.20/turn              (no ring)
MPRegen  0.10/turn              (no ring)

@: lethally poisoned (-4 -> -5), berserk cooldown, slowed, very slow
A: retaliatory headbutt, horns 2
a: Berserk, Trog's Hand, Renounce Religion


You were on level 5 of the Dungeon.
You worshipped Trog.
Trog was most pleased with you.
You were very hungry.

You visited 2 branches of the dungeon, and saw 6 of its levels.

You collected 139 gold pieces.

Inventory:

Hand Weapons
 a - a +0 hand axe (weapon)
 b - a +1 flail of protection
 f - a +1 flail of holy wrath
Armour
 q - a +0 chain mail (worn)
Jewellery
 i - an uncursed ring of fire {unknown}
Scrolls
 e - 5 scrolls of teleportation {unknown}
 g - a scroll of enchant weapon {unknown}
 h - a scroll of remove curse {unknown}
 o - a scroll of enchant armour {unknown}
 p - 4 scrolls of identify {unknown}
 r - a scroll of fear {unknown}
Potions
 d - a potion of lignification {unknown}
 j - a potion of magic {unknown}
 k - 2 potions of curing {unknown}
 l - a potion of resistance {unknown}
 m - 3 potions of flight {unknown}
 n - a potion of might {unknown}
 s - 2 potions of invisibility
 t - a potion of heal wounds
Comestibles
 c - 5 rations


   Skills:
 + Level 6.1 Fighting
 + Level 6.1 Axes
 + Level 5.4 Armour
 + Level 4.9 Dodging


You had 6 spell levels left.
You didn't know any spells.
Your spell library contained the following spells:

 Spells                   Type           Power        Failure   Level  Hunger
 Beastly Appendage        Tmut           #.....       99%         1    ##.....
 Sticks to Snakes         Tmut           #.......     99%         2    ###....
 Spider Form              Tmut/Pois      #.........   100%        3    ####...
 Ice Form                 Ice/Tmut       #.......     100%        4    #####..
 Blade Hands              Tmut           #.........   100%        5    ######.


Dungeon Overview and Level Annotations

Branches:
Dungeon (5/15)             Temple (1/1) D:4

Altars:
Dithmenos
Fedhas
Kikubaaqudgha
Nemelex Xobeh
Trog
Uskayaw
Wu Jian
Xom
Zin
The Shining One
Lugonu


Innate Abilities, Weirdness & Mutations

You reflexively headbutt those who attack you in melee.
You have a pair of horns on your head.


Message History

The centaur is lightly wounded.
You feel sick.
The centaur unwields a +0 shortbow.
The centaur hits you.
* * * LOW HITPOINT WARNING * * *
The centaur hits you but does no damage.
You hit the centaur. Your headbutt misses the centaur.
The centaur is lightly wounded.
The centaur closely misses you.
The centaur hits you but does no damage.
The centaur barely misses you. You furiously retaliate!
You headbutt the centaur. The centaur closely misses you.
The centaur hits you but does no damage.
The orc closely misses you.
Found a stone staircase leading down.
You feel sick. The centaur hits you.
* * * LOW HITPOINT WARNING * * *
Found a scroll labeled UNAEFE ETHONOTZ.
The centaur wields a +0 shortbow.
The centaur shoots an arrow.
The arrow hits you!
You die...

#..## #......#
#..#
#.#..?.#######.##
#.>............#
#..............#
#
#.....########.##
.. #...^.# #..##
. #.....####
##..##.
#.#@.....# ##....
#........# ###.#
######c######
###.#
#......lo..o(#
#....
#.#......###(#
#.#.# #......#
#)# #.#..
#....... #o# #
### #.####.###l#
# #. ... #.# #
###


You could see a centaur, an orc and a leopard gecko.

Vanquished Creatures
  2 ogres (D:4)
  A phantom (D:4)
  An orc priest (D:4)
  3 hounds (D:4)
  2 orc wizards
  3 worker ants
  4 gnolls (D:3)
  7 adders
  An ooze (D:4)
  A worm (D:2)
  3 dart slugs
  2 leopard geckos
  17 orcs
  A ball python (D:5)
  5 bats
  3 giant cockroaches
  11 hobgoblins
  11 jackals
  4 kobolds
  3 quokkas
  2 frilled lizards
  3 goblins (D:1)
  6 rats
96 creatures vanquished.

Notes
Turn   | Place    | Note
-------+----------+-------------------------------------------
     0 | D:1      | WarEagle the Minotaur Berserker began the quest for the
                  | Orb.
     0 | D:1      | Reached XP level 1. HP: 19/19 MP: 0/0
   150 | D:1      | Reached XP level 2. HP: 27/27 MP: 1/1
   578 | D:2      | Reached XP level 3. HP: 31/33 MP: 2/2
   597 | D:2      | Reached ** piety under Trog
  1092 | D:3      | Reached XP level 4. HP: 39/41 MP: 3/3
  1541 | D:3      | Reached XP level 5. HP: 21/47 MP: 4/4
  2099 | D:4      | Noticed a phantom
  2144 | D:4      | Killed a phantom
  2144 | D:4      | Reached skill level 5 in Fighting
  2144 | D:4      | Reached skill level 5 in Axes
  2184 | D:4      | Reached *** piety under Trog
  2184 | D:4      | Reached XP level 6. HP: 41/56 MP: 5/5
  3033 | D:4      | Reached skill level 5 in Armour
  3075 | D:4      | Found an ornate altar of the Wu Jian Council.
  3105 | D:4      | Reached XP level 7. HP: 47/62 MP: 6/6
  3331 | D:4      | Found a staircase to the Ecumenical Temple.
  3337 | Temple   | Entered the Ecumenical Temple
  3611 | D:4      | Found a shimmering altar of Xom.
  3646 | D:5      | Entered Level 5 of the Dungeon
  3760 | D:5      | Shot with an arrow by a centaur

Levels and vault maps discovered:
D:1:      lightli_arrival_statue_moat, layout_loops_ring
D:2:      layout_loops_cross, nicolae_overflow_crystal_walls,
          chequers_temple_overflow_statue_of_worship,
          gammafunk_temple_overflow_statue, minmay_heptomino_l4
D:3:      minmay_chambers_of_threes, layout_rooms
D:4:      layout_basic, marbit_many_paths, overflow_temple_1_default,
          temple_green, first_ration, hangedman_decor_clover_reticule,
          nicolae_qazlal_eye_of_the_storm
D:5:      layout_basic, gammafunk_temple_overflow_claw, uniq_blork_the_orc
Temple:   corrupted_temple

Skill      XL: |  1  2  3  4  5  6  7 |
---------------+----------------------+-----
Axes           | 4 5 6 |  6.1
Fighting       | 4 5 6 |  6.1
Armour         | 3 4 5 |  5.4
Dodging        | 3 4 |  4.9

Action                   |  1- 3 |  4- 6 |  7- 9 || total
-------------------------+-------+-------+-------++-------
Melee: Hand axe          |    77 |   204 |    36 ||   317
       Headbutt          |    11 |    37 |     8 ||    56
Invok: Berserk           |       |       |     1 ||     1
  Eat: Chunk             |       |     6 |     3 ||     9
Armor: Animal skin       |     6 |       |       ||     6
       Ring mail         |    10 |     3 |       ||    13
       Chain mail        |       |    81 |    17 ||    98
Dodge: Dodged            |    31 |    84 |    19 ||   134

Table legend:
 A = Non-vault XP
 B = Vault XP
 C = Vault XP percentage of total XP
 D = Non-vault monster count
 E = Vault monster count
 F = Vault count percentage of total count
                 A         B        C        D         E       F
            +---------+---------+-------+---------+---------+-------
      Total |     981 |      49 |   4.8 |      84 |      12 |  12.5
            +---------+---------+-------+---------+---------+-------
        D:1 |      30 |       0 |   0.0 |      17 |       0 |   0.0
        D:2 |      36 |       0 |   0.0 |      11 |       0 |   0.0
        D:3 |     133 |      49 |  26.9 |      29 |      12 |  29.3
        D:4 |     697 |       0 |   0.0 |      21 |       0 |   0.0
        D:5 |      85 |       0 |   0.0 |       6 |       0 |   0.0
            +---------+---------+-------+---------+---------+-------
